AoeStats
← YDRL

Black Forest

506609129Analyzed
2v2 RM · 17d ago on Sep 14, 2026· 20m 52s· 4 players
Game mode
Random Map
Map size
Medium (4 player)
Population
200
Speed
Normal
Resources
Standard
Victory
Conquest
Starting age
Dark Age
Ending age
Imperial Age
RankedLock teamsTeams togetherTeam positionsShared explorationLock speedFull tech treeHidden civsTurbo modeCheats
Victory
Defeat
🇦🇷 Cumans · Argentina
1389
+16
🇦🇷 Teutons · Argentina
1388
+16
🇪🇸 Celts · Spain
1479
-19
🇫🇮 Franks · Finland
1307
-13
YDRL
1:36 Loom
12:58 Feudal Age
13:34 Double-Bit Axe
15:18 Wheelbarrow
14:50 Gold Mining
17:22 Fletching
20:19 Town Watch
Alastan
11:48 Feudal Age
16:15 Castle Age
14:54 Double-Bit Axe
14:49 Horse Collar
16:30 Forging
17:06 Heavy Plow
17:39 Loom
TheIsamel
0:44 Loom
13:18 Feudal Age
14:10 Double-Bit Axe
14:55 Horse Collar
17:59 Castle Age
20:16 Pikeman
Windsorless
0:40 Loom
14:50 Feudal Age
15:28 Double-Bit Axe
17:58 Wheelbarrow
Connection lost

Rejoining the realm…

Still unreachable

The connection could not be restored.

Session expired

The server has moved on; the page needs a fresh start.